MWL (24 & UNDER)
PLUMSTEAD EAGLES @ CINCINNATI PRIDE
09/14/2023
 
TOP OF THE 1ST
Plumstead Eagles batting - Pitching for Cincinnati Pride : RHP Jesús Martínez
Pitching: RHP Jesús Martínez
Batting: RHB Tim Gardner 0-0: Called Strike
0-1: Ball
1-1: Called Strike
1-2: Foul Ball, location: 2F
1-2: Foul Ball, location: 2F
1-2: Ball
2-2: Strikes out swinging
Batting: RHB José Moreno 0-0: Fly out, F8 (Popup, 6MD)
Batting: LHB Eduardo Rodríguez 0-0: Called Strike
0-1: Ball
1-1: Ball
2-1: Foul Ball, location: 2F
2-2: Ball
3-2: Ground out 6-3 (Groundball, 6M)
Top of the 1st over - 0 run(s), 0 hit(s), 0 error(s), 0 left on base; Plumstead 0 - Cincinnati 0
BOTTOM OF THE 1ST
Cincinnati Pride batting - Pitching for Plumstead Eagles : LHP Armando Rodríguez
Pitching: LHP Armando Rodríguez
Batting: RHB Roberto Chávez 0-0: Ball
1-0: Ball
2-0: Ball
3-0: Base on Balls
Batting: RHB Leonardo Pinto 0-0: Ball
1-0: Ball
2-0: Ball
3-0: Called Strike
3-1: DOUBLE (Flyball, 8LM)
Roberto Chávez to third
Batting: RHB Michael Skinner 0-0: Called Strike
0-1: Called Strike
0-2: Foul Ball, location: 2F
0-2: Strikes out swinging
Batting: SHB Nick Marshall 0-0: Called Strike
0-1: Fly out, F8 (Flyball, 8RM)
Runner from 3rd tags up, SCORES, no throw
Batting: LHB Ricardo Brandariz 0-0: Ball
1-0: Ground out 4-3 (Groundball, 4S)
Bottom of the 1st over - 1 run(s), 1 hit(s), 0 error(s), 1 left on base; Plumstead 0 - Cincinnati 1
TOP OF THE 2ND
Plumstead Eagles batting - Pitching for Cincinnati Pride : RHP Jesús Martínez
Batting: RHB Germano Labrego 0-0: Called Strike
0-1: Ball
1-1: Called Strike
1-2: Strikes out swinging
Batting: SHB Nate Rhodes 0-0: Called Strike
0-1: Ball
1-1: Called Strike
1-2: Foul Ball, location: 2F
1-2: Ball
2-2: Strikes out looking
Batting: RHB Juan Magdayao 0-0: Called Strike
0-1: Ball
1-1: Ball
2-1: Ball
3-1: SINGLE (Line Drive, 8LS)
Batting: RHB Joe Land 0-0: Foul Ball, location: 2F
0-1: Ball
1-1: Swinging Strike
1-2: Strikes out swinging
Top of the 2nd over - 0 run(s), 1 hit(s), 0 error(s), 1 left on base; Plumstead 0 - Cincinnati 1
BOTTOM OF THE 2ND
Cincinnati Pride batting - Pitching for Plumstead Eagles : LHP Armando Rodríguez
Batting: RHB Randy Simons 0-0: Ball
1-0: Ball
2-0: Foul Ball, location: 2F
2-1: Foul Ball, location: 2F
2-2: Foul Ball, location: 2F
2-2: Foul Ball, location: 2F
2-2: Ball
3-2: Base on Balls
Batting: RHB Pablo Gómez 0-0: Called Strike
0-1: Ball
1-1: Ball
2-1: Fly out, F7 (Flyball, 7M)
Batting: RHB Larry Booth 0-0: Called Strike
0-1: Ball
1-1: Swinging Strike
1-2: Strikes out looking
Batting: RHB Wilson Flores 0-0: Ball
1-0: SINGLE (Groundball, 6MD)
Randy Simons to second
Batting: RHB Roberto Chávez 0-0: Called Strike
0-1: Called Strike
0-2: Ball
1-2: Foul Ball, location: 2F
1-2: Foul Ball, location: 2F
1-2: Strikes out swinging
Bottom of the 2nd over - 0 run(s), 1 hit(s), 0 error(s), 2 left on base; Plumstead 0 - Cincinnati 1
TOP OF THE 3RD
Plumstead Eagles batting - Pitching for Cincinnati Pride : RHP Jesús Martínez
Batting: RHB J.J. Leslie 0-0: Swinging Strike
0-1: Ground out 5-3 (Groundball, 5S)
Batting: RHB Louis Smith 0-0: Ground out 6-3 (Groundball, 6)
Batting: RHB Tim Gardner 0-0: Ball
1-0: Fly out, F9 (Flyball, 89XD)
Top of the 3rd over - 0 run(s), 0 hit(s), 0 error(s), 0 left on base; Plumstead 0 - Cincinnati 1
BOTTOM OF THE 3RD
Cincinnati Pride batting - Pitching for Plumstead Eagles : LHP Armando Rodríguez
Batting: RHB Leonardo Pinto 0-0: Foul Ball, location: 2F
0-1: Ball
1-1: Ground out 6-3 (Groundball, 6M)
Batting: RHB Michael Skinner 0-0: Called Strike
0-1: Ball
1-1: Foul Ball, location: 2F
1-2: Foul Ball, location: 2F
1-2: Fly out, F8 (Flyball, 8LD)
Batting: SHB Nick Marshall 0-0: Fly out, F7 (Flyball, 7M)
Bottom of the 3rd over - 0 run(s), 0 hit(s), 0 error(s), 0 left on base; Plumstead 0 - Cincinnati 1
TOP OF THE 4TH
Plumstead Eagles batting - Pitching for Cincinnati Pride : RHP Jesús Martínez
Batting: RHB José Moreno 0-0: Called Strike
0-1: Ball
1-1: Called Strike
1-2: Ball
2-2: Foul Ball, location: 2F
2-2: Foul Ball, location: 2F
2-2: Ball
3-2: Base on Balls
Batting: LHB Eduardo Rodríguez 0-0: Ball
1-0: Foul Ball, location: 2F
1-1: Ball
2-1: Grounds into double play, 4-6-3 (Groundball, 4)
Batting: RHB Germano Labrego 0-0: Swinging Strike
0-1: Ground out 5-3 (Groundball, 5S)
Top of the 4th over - 0 run(s), 0 hit(s), 0 error(s), 0 left on base; Plumstead 0 - Cincinnati 1
BOTTOM OF THE 4TH
Cincinnati Pride batting - Pitching for Plumstead Eagles : LHP Armando Rodríguez
Batting: LHB Ricardo Brandariz 0-0: Ball
1-0: Ball
2-0: Ball
3-0: Called Strike
3-1: Base on Balls
Batting: RHB Randy Simons 0-0: Foul Ball, location: 2F
0-1: Ball
1-1: Ball
2-1: SINGLE (Flyball, 7S)
Ricardo Brandariz to second
Batting: RHB Pablo Gómez 0-0: SINGLE (Flyball, 89S)
Ricardo Brandariz to third
Randy Simons to second
Runner from 3rd tries for Home, SAFE, no throw or cutoff
Batting: RHB Larry Booth 0-0: Called Strike
0-1: Called Strike
0-2: Foul Ball, location: 2F
0-2: Ball
1-2: Ball
2-2: Fly out, F6 (Line Drive, 6)
Batting: RHB Wilson Flores 0-0: Fly out, F8 (Flyball, 8LM)
Runner from 2nd tags up, SAFE at 3rd with throw
Batting: RHB Roberto Chávez 0-0: Foul Ball, location: 2F
0-1: Ball
1-1: SINGLE (Line Drive, 8RS)
Randy Simons scores
Pablo Gómez to second
Batting: RHB Leonardo Pinto 0-0: Ball
1-0: Fly out, F8 (Flyball, 8RM)
Bottom of the 4th over - 2 run(s), 3 hit(s), 0 error(s), 2 left on base; Plumstead 0 - Cincinnati 3
TOP OF THE 5TH
Plumstead Eagles batting - Pitching for Cincinnati Pride : RHP Jesús Martínez
Batting: SHB Nate Rhodes 0-0: Ground out 5-3 (Groundball, 56S)
Batting: RHB Juan Magdayao 0-0: Ground out 6-3 (Groundball, 6D)
Batting: RHB Joe Land 0-0: Called Strike
0-1: Foul Ball, location: 2F
0-2: Ground out U3 (Groundball, 3S)
Top of the 5th over - 0 run(s), 0 hit(s), 0 error(s), 0 left on base; Plumstead 0 - Cincinnati 3
BOTTOM OF THE 5TH
Cincinnati Pride batting - Pitching for Plumstead Eagles : LHP Armando Rodríguez
Batting: RHB Michael Skinner 0-0: SINGLE (Line Drive, 7LS)
Batting: SHB Nick Marshall 0-0: Foul Ball, location: 2F
0-1: Called Strike
0-2: Ball
1-2: Fielders Choice at 2nd, 5-4 (Groundball, 56)
Batting: LHB Ricardo Brandariz 0-0: Swinging Strike
0-1: Ball
1-1: Ball
2-1: Swinging Strike
2-2: Ground out 4-3 (Groundball, 4M)
Nick Marshall to second
Batting: RHB Randy Simons 0-0: Fly out, F8 (Flyball, 8LS)
Bottom of the 5th over - 0 run(s), 1 hit(s), 0 error(s), 1 left on base; Plumstead 0 - Cincinnati 3
TOP OF THE 6TH
Plumstead Eagles batting - Pitching for Cincinnati Pride : RHP Jesús Martínez
Batting: RHB J.J. Leslie 0-0: Ball
1-0: Ball
2-0: Fly out, F9 (Flyball, 89D)
Batting: RHB Louis Smith 0-0: Ball
1-0: Ball
2-0: Ball
3-0: Base on Balls
Batting: RHB Tim Gardner 0-0: Called Strike
0-1: Foul Ball, location: 2F
0-2: Strikes out swinging
Batting: RHB José Moreno 0-0: Fly out, F9 (Flyball, 9M)
Top of the 6th over - 0 run(s), 0 hit(s), 0 error(s), 1 left on base; Plumstead 0 - Cincinnati 3
BOTTOM OF THE 6TH
Cincinnati Pride batting - Pitching for Plumstead Eagles : LHP Armando Rodríguez
Batting: RHB Pablo Gómez 0-0: Ground out 6-3 (Groundball, 6)
Batting: RHB Larry Booth 0-0: Called Strike
0-1: Foul Ball, location: 2F
0-2: Ground out 6-3 (Groundball, 6)
Batting: RHB Wilson Flores 0-0: Ground out 6-3 (Groundball, 6)
Bottom of the 6th over - 0 run(s), 0 hit(s), 0 error(s), 0 left on base; Plumstead 0 - Cincinnati 3
TOP OF THE 7TH
Plumstead Eagles batting - Pitching for Cincinnati Pride : RHP Jesús Martínez
Batting: LHB Eduardo Rodríguez 0-0: Called Strike
0-1: Ball
1-1: Reached on Error, E8 (Flyball, 8LD)
Batting: RHB Germano Labrego 0-0: Called Strike
0-1: SINGLE (Line Drive, 6MD)
Eduardo Rodríguez to third
Batting: SHB Nate Rhodes 0-0: Ball
1-0: Ball
2-0: Ball
Passed Ball!
Eduardo Rodríguez scores
Germano Labrego to second
3-0: Swinging Strike
3-1: Called Strike
3-2: Foul Ball, location: 2F
3-2: Foul Ball, location: 2F
3-2: SINGLE (Line Drive, 8LS)
Germano Labrego to third
Pinch Hitting: RHB Norogumi Tanaka 0-0: Fly out, F3 (Line Drive, 34S)
Pinch Hitting: RHB David Moran 0-0: Ball
1-0: Called Strike
1-1: Ball
2-1: Ball
3-1: Base on Balls
Nate Rhodes to second
Pitching: LHP Joseph Byrne
Batting: RHB J.J. Leslie 0-0: SINGLE (Groundball, 56D)
Germano Labrego scores
Nate Rhodes to third
David Moran to second
Runner from 3rd tries for Home, SAFE, no throw or cutoff
Batting: RHB Louis Smith 0-0: Ground out 5-3 (Groundball, 5S)
David Moran to third
J.J. Leslie to second
Batting: RHB Tim Gardner 0-0: Called Strike
0-1: Swinging Strike
0-2: DOUBLE (Line Drive, 78M)
David Moran scores
J.J. Leslie scores
Batting: RHB José Moreno 0-0: Ball
1-0: Swinging Strike
1-1: Called Strike
1-2: Strikes out swinging
Top of the 7th over - 5 run(s), 4 hit(s), 1 error(s), 1 left on base; Plumstead 5 - Cincinnati 3
BOTTOM OF THE 7TH
Cincinnati Pride batting - Pitching for Plumstead Eagles : LHP Armando Rodríguez
Pitching: LHP Dave Watkins
Now at SS: David Moran
Now in CF: Norogumi Tanaka
Batting: RHB Roberto Chávez 0-0: Called Strike
0-1: Ball
1-1: Called Strike
1-2: Ball
2-2: Strikes out swinging
Batting: RHB Leonardo Pinto 0-0: Ball
1-0: Ball
2-0: Ball
3-0: Base on Balls
Batting: RHB Michael Skinner 0-0: Ball
1-0: Called Strike
1-1: Called Strike
1-2: DOUBLE (Line Drive, 7LS)
Leonardo Pinto to third
Batting: SHB Nick Marshall 0-0: Ball
1-0: Fly out, F3 (Line Drive, 34)
Batting: LHB Ricardo Brandariz 0-0: Foul Ball, location: 2F
0-1: Ball
1-1: Foul Ball, location: 2F
1-2: Fly out, F4 (Popup, 4M)
Bottom of the 7th over - 0 run(s), 1 hit(s), 0 error(s), 2 left on base; Plumstead 5 - Cincinnati 3
TOP OF THE 8TH
Plumstead Eagles batting - Pitching for Cincinnati Pride : LHP Joseph Byrne
Batting: LHB Eduardo Rodríguez 0-0: Ground out 4-3 (Groundball, 4M)
Batting: RHB Germano Labrego 0-0: Called Strike
0-1: Ground out 5-3 (Groundball, 5)
Batting: SHB Nate Rhodes 0-0: Ball
1-0: Ball
2-0: Ball
3-0: Base on Balls
Batting: RHB Norogumi Tanaka 0-0: Called Strike
0-1: Ball
1-1: Foul Ball, location: 2F
1-2: Ball
2-2: Fielders Choice at 2nd, 6-4 (Groundball, 6)
Top of the 8th over - 0 run(s), 0 hit(s), 0 error(s), 0 left on base; Plumstead 5 - Cincinnati 3
BOTTOM OF THE 8TH
Cincinnati Pride batting - Pitching for Plumstead Eagles : LHP Dave Watkins
Batting: RHB Randy Simons 0-0: DOUBLE (Line Drive, 5L)
Batting: RHB Pablo Gómez 0-0: Called Strike
0-1: Ball
1-1: Swinging Strike
1-2: Ball
2-2: Strikes out swinging
Batting: RHB Larry Booth 0-0: Foul Ball, location: 2F
0-1: Ball
1-1: Foul Ball, location: 2F
1-2: Ground out 6-3 (Groundball, 6)
Randy Simons to third
Batting: RHB Wilson Flores 0-0: Foul Ball, location: 2F
0-1: Swinging Strike
0-2: Ball
1-2: Strikes out looking
Bottom of the 8th over - 0 run(s), 1 hit(s), 0 error(s), 1 left on base; Plumstead 5 - Cincinnati 3
TOP OF THE 9TH
Plumstead Eagles batting - Pitching for Cincinnati Pride : LHP Joseph Byrne
Batting: RHB David Moran 0-0: Ball
1-0: Ball
2-0: Called Strike
2-1: Foul Ball, location: 2F
2-2: Ball
3-2: Foul Ball, location: 2F
3-2: SINGLE (Line Drive, 34D)
Batting: RHB J.J. Leslie 0-0: Foul Ball, location: 2F
0-1: Ball
1-1: Ball
2-1: Fly out, F8 (Flyball, 8RD)
Batting: RHB Louis Smith 0-0: Called Strike
0-1: Ball
1-1: Called Strike
1-2: Foul Ball, location: 2F
1-2: Ball
2-2: Grounds into double play, 6-4-3 (Groundball, 6)
Top of the 9th over - 0 run(s), 1 hit(s), 0 error(s), 0 left on base; Plumstead 5 - Cincinnati 3
BOTTOM OF THE 9TH
Cincinnati Pride batting - Pitching for Plumstead Eagles : LHP Dave Watkins
Pitching: RHP Jeremy Murray
Now at SS: Pablo Villarreal
Batting: RHB Roberto Chávez 0-0: Hit by Pitch
Pinch Hitting: RHB Jonas Uttley 0-0: Ball
1-0: Swinging Strike
1-1: Ball
2-1: Foul Ball, location: 2F
2-2: Fly out, F8 (Flyball, 8LXD)
Pinch Hitting: RHB Gabriel Villegas 0-0: Foul Ball, location: 2F
0-1: Ball
1-1: Swinging Strike
1-2: Strikes out swinging
Batting: SHB Nick Marshall 0-0: Ball
1-0: Ball
2-0: SINGLE (Groundball, 4MD) (infield hit)
Roberto Chávez to second
Batting: LHB Ricardo Brandariz 0-0: Called Strike
0-1: Ball
1-1: Ball
2-1: Ball
3-1: TRIPLE (Groundball, 3L)
Roberto Chávez scores
Nick Marshall scores
Pinch Hitting: SHB Rafael Villa 0-0: Foul Ball, location: 2F
0-1: Ball
1-1: Called Strike
1-2: Strikes out looking
Bottom of the 9th over - 2 run(s), 2 hit(s), 0 error(s), 1 left on base; Plumstead 5 - Cincinnati 5
TOP OF THE 10TH
Plumstead Eagles batting - Pitching for Cincinnati Pride : LHP Joseph Byrne
Pitching: RHP Eusébio Lagarto
Now at 2B: Rafael Villa
Now at 3B: Álex Hernández
Now in RF: Jonas Uttley
Batting: RHB Tim Gardner 0-0: DOUBLE (Popup, 3D)
Pinch Hitting: RHB Hubert Brown 0-0: Called Strike
0-1: Ball
1-1: Swinging Strike
1-2: Strikes out swinging
Batting: LHB Eduardo Rodríguez 0-0: Called Strike
0-1: Ball
1-1: Fly out, F8 (Flyball, 8RM)
Batting: RHB Germano Labrego 0-0: Ball
1-0: Called Strike
1-1: Ball
2-1: Ball
3-1: Foul Ball, location: 2F
3-2: Foul Ball, location: 2F
3-2: Strikes out looking
Top of the 10th over - 0 run(s), 1 hit(s), 0 error(s), 1 left on base; Plumstead 5 - Cincinnati 5
BOTTOM OF THE 10TH
Cincinnati Pride batting - Pitching for Plumstead Eagles : RHP Jeremy Murray
Now at 2B: Hubert Brown
Pinch Hitting: LHB Wes Stone 0-0: Swinging Strike
0-1: Ball
1-1: Swinging Strike
1-2: Ball
2-2: Foul Ball, location: 2F
2-2: Strikes out swinging
Pinch Hitting: LHB Pat White 0-0: Ball
1-0: Swinging Strike
1-1: Swinging Strike
1-2: Ball
2-2: Strikes out swinging
Batting: RHB Wilson Flores 0-0: Called Strike
0-1: Ball
1-1: Swinging Strike
1-2: Strikes out swinging
Bottom of the 10th over - 0 run(s), 0 hit(s), 0 error(s), 0 left on base; Plumstead 5 - Cincinnati 5
TOP OF THE 11TH
Plumstead Eagles batting - Pitching for Cincinnati Pride : RHP Eusébio Lagarto
Now at C: Larry Peterson
Now at SS: Juan Martínez
Batting: SHB Nate Rhodes 0-0: Ball
1-0: Called Strike
1-1: Fly out, F9 (Flyball, 9M)
Batting: RHB Norogumi Tanaka 0-0: Ball
1-0: Reached on error, E5 (Groundball, 5L)
Pinch Hitting: RHB Ethan Moore 0-0: Ball
1-0: Called Strike
1-1: Foul Ball, location: 2F
1-2: Strikes out swinging
Batting: RHB J.J. Leslie 0-0: Foul Ball, location: 2F
0-1: Fly out, F9 (Flyball, 9M)
Top of the 11th over - 0 run(s), 0 hit(s), 1 error(s), 1 left on base; Plumstead 5 - Cincinnati 5
BOTTOM OF THE 11TH
Cincinnati Pride batting - Pitching for Plumstead Eagles : RHP Jeremy Murray
Pitching: LHP Pat Bruce
Now at SS: Emílio Cervantes
Batting: RHB Roberto Chávez 0-0: Called Strike
0-1: Swinging Strike
0-2: Foul Ball, location: 2F
0-2: Strikes out looking
Batting: RHB Jonas Uttley 0-0: Fly out, F8 (Flyball, 8LD)
Batting: RHB Álex Hernández 0-0: Ball
1-0: Called Strike
1-1: Ball
2-1: Swinging Strike
2-2: SINGLE (Popup, 6MD)
Batting: SHB Nick Marshall 0-0: Foul Ball, location: 2F
0-1: Swinging Strike
0-2: Foul Ball, location: 2F
0-2: Strikes out swinging
Bottom of the 11th over - 0 run(s), 1 hit(s), 0 error(s), 1 left on base; Plumstead 5 - Cincinnati 5
TOP OF THE 12TH
Plumstead Eagles batting - Pitching for Cincinnati Pride : RHP Eusébio Lagarto
Pitching: RHP José Gonzáles
Batting: RHB Louis Smith 0-0: Called Strike
0-1: Swinging Strike
0-2: Ball
1-2: Foul Ball, location: 2F
1-2: Foul Ball, location: 2F
1-2: Strikes out looking
Batting: RHB Tim Gardner 0-0: DOUBLE (Flyball, 78M)
Batting: RHB Hubert Brown 0-0: Called Strike
0-1: Ball
1-1: Called Strike
1-2: Ball
2-2: Strikes out swinging
Batting: LHB Eduardo Rodríguez 0-0: Called Strike
0-1: Ball
1-1: Ball
2-1: Foul Ball, location: 2F
2-2: Strikes out swinging
Top of the 12th over - 0 run(s), 1 hit(s), 0 error(s), 1 left on base; Plumstead 5 - Cincinnati 5
BOTTOM OF THE 12TH
Cincinnati Pride batting - Pitching for Plumstead Eagles : LHP Pat Bruce
Batting: LHB Ricardo Brandariz 0-0: Ball
1-0: Ball
2-0: Called Strike
2-1: Foul Ball, location: 2F
2-2: Foul Ball, location: 2F
2-2: Ball
3-2: Foul Ball, location: 2F
3-2: Base on Balls
Batting: SHB Rafael Villa 0-0: Sac Bunt - play at first, batter OUT! 1-4
Ricardo Brandariz to second
Batting: SHB Larry Peterson 0-0: Intentional Walk
Batting: RHB Juan Martínez 0-0: Fly out, F3 (Popup, 3SF)
Batting: RHB Wilson Flores 0-0: Swinging Strike
0-1: Swinging Strike
0-2: Foul Ball, location: 2F
0-2: Ball
1-2: Strikes out looking
Bottom of the 12th over - 0 run(s), 0 hit(s), 0 error(s), 2 left on base; Plumstead 5 - Cincinnati 5
TOP OF THE 13TH
Plumstead Eagles batting - Pitching for Cincinnati Pride : RHP José Gonzáles
Batting: RHB Germano Labrego 0-0: Ball
1-0: Called Strike
1-1: Fly out, F9 (Flyball, 9M)
Batting: SHB Nate Rhodes 0-0: Swinging Strike
0-1: Called Strike
0-2: Ball
1-2: Foul Ball, location: 2F
1-2: Ball
2-2: Strikes out swinging
Batting: RHB Norogumi Tanaka 0-0: Ball
1-0: Ball
2-0: Ball
3-0: Base on Balls
Pinch Hitting: LHB Miguel Colón 0-0: Ball
1-0: Called Strike
1-1: Called Strike
Norogumi Tanaka steals 2nd base
1-2: Strikes out swinging
Top of the 13th over - 0 run(s), 0 hit(s), 0 error(s), 1 left on base; Plumstead 5 - Cincinnati 5
BOTTOM OF THE 13TH
Cincinnati Pride batting - Pitching for Plumstead Eagles : LHP Pat Bruce
Now at SS: Rob Brady
Batting: RHB Roberto Chávez Error on foul ball, E3
0-1: Foul Ball, location: 2F
0-2: Fly out, F7 (Flyball, 7S)
Batting: RHB Jonas Uttley 0-0: Swinging Strike
0-1: Foul Ball, location: 2F
0-2: Ball
1-2: Ball
2-2: Ball
3-2: Base on Balls
Batting: RHB Álex Hernández 0-0: Ball
1-0: Swinging Strike
1-1: Foul Ball, location: 2F
1-2: Strikes out swinging
Batting: SHB Nick Marshall 0-0: Ball
1-0: Ball
2-0: Ground out 5-3 (Groundball, 5L)
Bottom of the 13th over - 0 run(s), 0 hit(s), 1 error(s), 1 left on base; Plumstead 5 - Cincinnati 5
TOP OF THE 14TH
Plumstead Eagles batting - Pitching for Cincinnati Pride : RHP José Gonzáles
Batting: RHB J.J. Leslie 0-0: Ball
1-0: Ball
2-0: Ball
3-0: Base on Balls
Pinch Runner at 1st Howard Johnson:
Batting: RHB Louis Smith 0-0: Ball
Howard Johnson is caught stealing 2nd base
1-0: Ball
2-0: SOLO HOME RUN (Flyball, 78XD), Distance : 433 ft
Batting: RHB Tim Gardner 0-0: Ball
1-0: Called Strike
1-1: Foul Ball, location: 2F
1-2: Foul Ball, location: 2F
1-2: Fly out, F4 (Popup, 4)
Batting: RHB Hubert Brown 0-0: Ball
1-0: Foul Ball, location: 2F
1-1: Ball
2-1: Fly out, F9 (Flyball, 9LM)
Top of the 14th over - 1 run(s), 1 hit(s), 0 error(s), 0 left on base; Plumstead 6 - Cincinnati 5
BOTTOM OF THE 14TH
Cincinnati Pride batting - Pitching for Plumstead Eagles : LHP Pat Bruce
Batting: LHB Ricardo Brandariz 0-0: DOUBLE (Line Drive, 8LM)
Batting: SHB Rafael Villa 0-0: Swinging Strike
0-1: Ball
1-1: SINGLE (Groundball, 6MD)
Ricardo Brandariz to third
Runner from 3rd tries for Home, SAFE, no throw or cutoff
Batting: SHB Larry Peterson 0-0: Called Strike
0-1: Ball
1-1: Ball
2-1: Sac Bunt - play at second, runner OUT! 1-6
Pitching: RHP Lane Lund
Batting: RHB Juan Martínez 0-0: Ball
1-0: Grounds into double play, 6-4-3 (Groundball, 56)
Bottom of the 14th over - 1 run(s), 2 hit(s), 0 error(s), 0 left on base; Plumstead 6 - Cincinnati 6
TOP OF THE 15TH
Plumstead Eagles batting - Pitching for Cincinnati Pride : RHP José Gonzáles
Batting: LHB Eduardo Rodríguez 0-0: Ground out 3-1 (Groundball, 3)
Batting: RHB Germano Labrego 0-0: Ball
1-0: Ball
2-0: Called Strike
2-1: Reached on Error, E8 (Flyball, 8LD)
Batting: SHB Nate Rhodes 0-0: Intentional Walk
Batting: RHB Norogumi Tanaka 0-0: Ball
1-0: Fly out, F4 (Line Drive, 4)
Pinch Hitting: RHB Don Turner 0-0: TRIPLE (Line Drive, 9LS)
Germano Labrego scores
Nate Rhodes scores
Pitching: RHP Fernando Silva
Batting: RHB Howard Johnson 0-0: Ball
1-0: Ball
2-0: Ball
3-0: Called Strike
3-1: Foul Ball, location: 2F
3-2: Base on Balls
Batting: RHB Louis Smith 0-0: Called Strike
0-1: Foul Ball, location: 2F
0-2: Ball
1-2: Ball
2-2: Ball
3-2: Base on Balls
Howard Johnson to second
Batting: RHB Tim Gardner 0-0: Called Strike
0-1: Ball
1-1: Ground out 5-3 (Groundball, 56)
Top of the 15th over - 2 run(s), 1 hit(s), 1 error(s), 3 left on base; Plumstead 8 - Cincinnati 6
BOTTOM OF THE 15TH
Cincinnati Pride batting - Pitching for Plumstead Eagles : RHP Lane Lund
Now at SS: Ron King
Batting: RHB Wilson Flores 0-0: Ball
1-0: Foul Ball, location: 2F
1-1: Ball
2-1: Foul Ball, location: 2F
2-2: Foul Ball, location: 2F
2-2: Foul Ball, location: 2F
2-2: Fly out, F8 (Line Drive, 8LM)
Batting: RHB Roberto Chávez 0-0: Foul Ball, location: 2F
0-1: Swinging Strike
0-2: Strikes out swinging
Batting: RHB Jonas Uttley 0-0: Ball
1-0: Called Strike
1-1: Ball
2-1: Ball
3-1: Swinging Strike
3-2: Base on Balls
Batting: RHB Álex Hernández 0-0: Ball
1-0: Ball
2-0: Fly out, F7 (Line Drive, 7M)
Bottom of the 15th over - 0 run(s), 0 hit(s), 0 error(s), 1 left on base; Plumstead 8 - Cincinnati 6
This league is powered by Out of the Park Baseball, the baseball management simulation game for PC, Mac and Linux
Wednesday, December 2nd, 2015 - OOTP Baseball 16.8 Build 38